 Dungeon Crawl Stone Soup version 0.20.1-1-g8b1a95d (webtiles) character file.

857 vineage the Carver (level 7, -1/53 HPs)
             Began as a Demonspawn Berserker on Nov 2, 2017.
             Was a Priest of Trog.
             Slain by Duvessa
             ... wielding a +0 rapier
              (14 damage)
             ... on level 5 of the Dungeon.
             The game lasted 00:06:26 (3258 turns).

vineage the Carver (Demonspawn Berserker)           Turns: 3258, Time: 00:06:28

Health: -1/53      AC:  5    Str: 19    XL:     7   Next: 70%
Magic:  0/7        EV: 10    Int:  8    God:    Trog [***...]
Gold:   62         SH:  4    Dex: 16    Spells: 6/6 levels left

rFire    . . .     SeeInvis .   a - +1 falchion
rCold    . . .     Gourm    .   e - +0 buckler
rNeg     + . .     Faith    .   g - +0 scale mail
rPois    .         Spirit   +   (helmet restricted)
rElec    .         Reflect  .   (no cloak)
rCorr    .         Harm     .   (no gloves)
MR       .....     Rnd*Rage +   (no boots)
Stlth    ..........             h - amulet of guardian spirit
Regen    0.6/turn               u - ring of positive energy
MPRegen  0.1/turn               s - +3 ring of dexterity

@: berserk cooldown, slowed, very slow
A: antennae 1, molten scales 1, berserk 1, deformed body, regeneration 1, spiny
1, evolution 1
a: Berserk, Trog's Hand, Burn Spellbooks, Renounce Religion


You were on level 5 of the Dungeon.
You worshipped Trog.
Trog was most pleased with you.
You were not hungry.

You visited 1 branch of the dungeon, and saw 5 of its levels.

You collected 238 gold pieces.
You spent 176 gold pieces at shops.

Inventory:

Hand Weapons
 a - a +1 falchion (weapon)
Armour
 b - a +0 animal skin
 e - a +0 buckler (worn)
 g - a +0 scale mail (worn)
Jewellery
 h - an amulet of guardian spirit (around neck)
 l - an uncursed ring of flight
 s - a +3 ring of dexterity (right hand)
 t - an uncursed amulet of rage
 u - a ring of positive energy (left hand)
Scrolls
 i - a scroll of remove curse
 j - a scroll of amnesia {unknown}
 m - 3 scrolls of teleportation
 p - a scroll of identify
Potions
 d - a potion of flight {unknown}
 k - a potion of resistance
 o - a potion of haste
 r - a potion of brilliance {unknown}
 v - a potion of heal wounds {unknown}
 w - 2 potions of curing {unknown}
Comestibles
 c - 2 bread rations
 f - 3 royal jellies
 n - 4 meat rations
 q - a chunk of flesh


   Skills:
 + Level 3.9 Fighting
 - Level 12.0 Long Blades
 + Level 3.4 Armour
 - Level 1.7 Dodging
 + Level 0.5 Shields


You had 6 spell levels left.
You didn't know any spells.

Dungeon Overview and Level Annotations

Branches:
Dungeon (5/15)
 Temple: D:4-7

Altars:
Okawaru
Trog
The Shining One

Shops:
D:4 !

Annotations:
D:5 Duvessa


Innate Abilities, Weirdness & Mutations

You have a pair of small antennae on your head.
You are partially covered in molten scales. (AC +2)
You are partially covered in sharp spines.
You tend to lose your temper in combat.
Armour fits poorly on your strangely shaped body.
Your natural rate of healing is unusually fast.
You evolve.


Message History

You are too injured to fight recklessly!
You are too injured to fight recklessly!
You are too injured to fight recklessly!
You are too injured to fight recklessly!
You are too injured to fight recklessly!
You are too injured to fight recklessly!
You are too injured to fight recklessly!
You are too injured to fight recklessly!
You are too injured to fight recklessly!
You slash Duvessa!
Duvessa is almost dead.
You block the giant cockroach's attack. Duvessa is struck by your spines.
Duvessa hits you with a rapier.
You barely miss Duvessa.
Duvessa is almost dead.
Duvessa hits you with a rapier!
* * * LOW HITPOINT WARNING * * *
The giant cockroach is struck by your spines.
The giant cockroach closely misses you. Duvessa hits you with a rapier!
You die...

#.#########.........###
..# #.#.......... . ..#
#.#...#.#.##..# ..##
##.#...#....>..# ..>#
#.........#. ...#
#..#######.# ...# #..
#....# ...### #.#
#.#.##.#.. .....#
#e@........ ...#.##
#.[s?........
......###.#
##.##.##.#..#
....#.....# ... ... .#
.# #.....#####... ..##
# #..#.## #.## ...
#....# #. #... #..<.. .
### ####.##


You could see Duvessa (berserk) and a giant cockroach.

Vanquished Creatures
  A phantom (D:5)
  An ogre (D:5)
  Dowan (D:5)
  A crimson imp (D:5)
  A howler monkey (D:4)
  A hound (D:4)
  2 orc wizards
  A centaur skeleton (D:5)
  An iguana (D:4)
  Terence (D:2)
  A worker ant (D:3)
  4 gnolls (D:4)
  4 adders
  A shadow imp (D:5)
  An adder skeleton (D:4)
  5 worms
  3 dart slugs
  3 leopard geckos
  8 orcs
  3 ball pythons
  5 giant cockroaches
  8 goblins
  8 hobgoblins
  3 jackals (D:3)
  12 kobolds
  A quokka (D:3)
  6 bats
  6 frilled lizards
  A leopard gecko skeleton (D:5)
  15 rats
109 creatures vanquished.

Notes
Turn   | Place    | Note
-------+----------+-------------------------------------------
     0 | D:1      | vineage the Demonspawn Berserker began the quest for the Orb.
     0 | D:1      | Reached XP level 1. HP: 18/18 MP: 1/1
     5 | D:1      | Reached skill level 3 in Long Blades
   168 | D:1      | Gained mutation: You are partially covered in sharp spines. [demonic ancestry]
   168 | D:1      | Reached XP level 2. HP: 19/24 MP: 2/2
   765 | D:2      | Noticed Terence
   773 | D:2      | Killed Terence
   773 | D:2      | Reached skill level 4 in Long Blades
   773 | D:2      | Reached XP level 3. HP: 29/29 MP: 3/3
   958 | D:2      | Reached ** piety under Trog
   958 | D:2      | Reached XP level 4. HP: 19/35 MP: 4/4
  1348 | D:2      | Found an iron altar of Okawaru.
  1655 | D:3      | Reached skill level 5 in Long Blades
  1721 | D:3      | Gained mutation: You are partially covered in molten scales. (AC +2) [demonic ancestry]
  1721 | D:3      | Reached XP level 5. HP: 38/41 MP: 5/5
  1748 | D:3      | Found a glowing golden altar of the Shining One.
  2373 | D:3      | Reached skill level 12 in Long Blades
  2373 | D:3      | Gained mutation: You have a pair of small antennae on your head. [demonic ancestry]
  2373 | D:3      | Reached XP level 6. HP: 47/47 MP: 0/6
  2493 | D:4      | Found Zuekamel's Distillery.
  2501 | D:4      | Bought a potion of mutation for 88 gold pieces
  2501 | D:4      | Bought a potion of mutation for 88 gold pieces
  2501 | D:4      | Gained mutation: You are agile. (Dex +2) [potion of mutation]
  2501 | D:4      | Gained mutation: You are resistant to hostile enchantments. (MR+) [potion of mutation]
  2501 | D:4      | Gained mutation: Your flesh is cold resistant. (rC+) [potion of mutation]
  2502 | D:4      | Lost mutation: You are resistant to hostile enchantments. (MR+) [potion of mutation]
  2502 | D:4      | Lost mutation: You are agile. (Dex +2) [potion of mutation]
  2502 | D:4      | Gained mutation: Armour fits poorly on your strangely shaped body. [potion of mutation]
  2502 | D:4      | Gained mutation: Your mind is acute. (Int +2) [potion of mutation]
  2503 | D:4      | Lost mutation: Your mind is acute. (Int +2) [potion of mutation]
  2503 | D:4      | Lost mutation: Your flesh is cold resistant. (rC+) [potion of mutation]
  2503 | D:4      | Gained mutation: Your natural rate of healing is unusually fast. [potion of mutation]
  2503 | D:4      | Gained mutation: You tend to lose your temper in combat. [potion of mutation]
  2503 | D:4      | Gained mutation: You evolve. [potion of mutation]
  2721 | D:4      | Reached *** piety under Trog
  2932 | D:4      | Reached XP level 7. HP: 52/52 MP: 7/7
  3001 | D:4      | Noticed a moth of wrath
  3007 | D:4      | Found a bloodstained altar of Trog.
  3146 | D:5      | Entered Level 5 of the Dungeon
  3184 | D:5      | Noticed Dowan
  3187 | D:5      | Noticed Duvessa
  3234 | D:5      | Killed Dowan
  3258 | D:5      | Slain by Duvessa

Skill      XL: |  1  2  3  4  5  6  7 |
---------------+----------------------+-----
Long Blades    | 3 4 5 12 | 12.0
Armour         | 2 3 |  3.4
Fighting       | |  3.9
Dodging        | |  1.7
Shields        | |  0.5

Action                   |  1- 3 |  4- 6 |  7- 9 || total
-------------------------+-------+-------+-------++-------
Melee: Falchion          |    66 |   134 |    62 ||   262
Invok: Berserk           |     1 |     2 |     1 ||     4
       Trog's Hand       |       |     2 |     1 ||     3
  Use: Scroll            |       |     7 |       ||     7
       Potion            |       |     4 |       ||     4
  Eat: Chunk             |       |     7 |     3 ||    10
       Fruit             |       |     3 |       ||     3
Armor: Scale mail        |    18 |    33 |     9 ||    60
       Animal skin       |     1 |       |       ||     1
Dodge: Dodged            |    37 |    71 |    12 ||   120
Block: Buckler           |       |     2 |    12 ||    14
       Rpst.: Falchion   |     8 |    19 |     2 ||    29
